 Dungeon Crawl Stone Soup version 0.26.1-11-gd32895ea62 (webtiles) character file.

Game seed: 2895931434813974334

32316 Bergy the Blocker (level 13, -19/80 HPs)
             Began as a Gargoyle Fighter on July 15, 2021.
             Was an Elder of Makhleb.
             Demolished by a boulder beetle (40 damage)
             ... on level 4 of the Lair of Beasts.
             The game lasted 01:17:38 (18503 turns).

Bergy the Blocker (Gargoyle Fighter)               Turns: 18503, Time: 01:17:39

Health: -19/80     AC: 28    Str: 23    XL:     13   Next: 63%
Magic:  13/13      EV:  7    Int: 11    God:    Makhleb [****..]
Gold:   1130       SH: 19    Dex: 15    Spells: 12/12 levels left

rFire    . . .     SeeInvis +   E - +0 flail (vorpal)
rCold    . . .     Faith    .   c - +0 kite shield
rNeg     + . .     Spirit   .   m - +0 plate armour
rPois    ∞         Reflect  +   l - +0 helmet
rElec    +         Harm     .   (no cloak)
rCorr    .         Rampage  .   x - +1 pair of gloves
Will     .....                  (no boots)
Stlth    ..........             K - amulet of reflection
HPRegen  0.23/turn              G - ring of see invisible
MPRegen  0.13/turn              M - +6 ring of dexterity

@: no status effects
A: negative energy resistance 1, electricity resistance, unbreathing,
petrification resistance, miasma immunity, AC +9
a: Renounce Religion, Minor Destruction, Lesser Servant of Makhleb, Major
Destruction


You were on level 4 of the Lair of Beasts.
You worshipped Makhleb.
Makhleb was greatly pleased with you.
You visited 3 branches of the dungeon, and saw 16 of its levels.
You also visited: Sewer.

You collected 1227 gold pieces.
You spent 97 gold pieces at shops.

Inventory:

Hand Weapons
 r - a +0 morningstar
 B - a +2 whip of freezing
 E - a +0 vorpal flail (weapon)
Armour
 c - a +0 kite shield (worn)
 l - a +0 helmet (worn)
 m - a +0 plate armour (worn)
 x - a +1 pair of gloves (worn)
Jewellery
 G - a ring of see invisible (left hand)
 K - an amulet of reflection (around neck)
 M - a +6 ring of dexterity (right hand)
Wands
 a - a wand of random effects (7)
 y - a wand of polymorph (9)
 H - a wand of paralysis (16)
 I - a wand of digging (6)
 N - a wand of disintegration (14)
Scrolls
 d - 3 scrolls of enchant weapon
 g - 2 scrolls of amnesia {unknown}
 h - 10 scrolls of teleportation
 i - 9 scrolls of remove curse
 j - a scroll of immolation {unknown}
 n - a scroll of noise {unknown}
 o - 5 scrolls of blinking
 s - 6 scrolls of magic mapping
 t - 3 scrolls of fog
 v - a scroll of holy word {unknown}
 z - a scroll of torment {unknown}
 D - 2 scrolls of identify
 F - a scroll of fear {unknown}
 J - 3 scrolls of enchant armour
Potions
 b - a potion of heal wounds
 e - 3 potions of lignification
 f - a potion of berserk rage {unknown}
 k - 5 potions of mutation
 p - a potion of ambrosia
 q - a potion of haste {unknown}
 u - 2 potions of magic {unknown}
 w - a potion of curing
 A - a potion of resistance {unknown}
 L - a potion of flight {unknown}
 O - a potion of cancellation {unknown}


   Skills:
 + Level 8.9 Fighting
 - Level 14.0 Maces & Flails
 - Level 10.0 Armour
 * Level 14.9 Shields


You had 12 spell levels left.
You didn't know any spells.
Your spell library contained the following spells:

 Spells                   Type           Power        Failure   Level
 Animate Skeleton         Necr           0%           99%         1
 Apportation              Tloc           0%           99%         1
 Corona                   Hex            0%           99%         1
 Foxfire                  Conj/Fire      0%           99%         1
 Freeze                   Ice            0%           99%         1
 Magic Dart               Conj           0%           99%         1
 Summon Small Mammal      Summ           0%           99%         1
 Blink                    Tloc           N/A          100%        2
 Call Imp                 Summ           0%           100%        2
 Slow                     Hex            0%           100%        2
 Confusing Touch          Hex            0%           100%        3
 Conjure Flame            Conj/Fire      0%           100%        3
 Gell's Gravitas          Tloc           0%           100%        3
 Inner Flame              Hex/Fire       0%           100%        3
 Mephitic Cloud           Conj/Pois/Air  0%           100%        3
 Ozocubu's Armour         Ice            0%           100%        3
 Hailstorm                Conj/Ice       0%           100%        4
 Ice Form                 Ice/Tmut       0%           100%        4
 Petrify                  Tmut/Erth      0%           100%        4
 Sticky Flame             Conj/Fire      0%           100%        4
 Fireball                 Conj/Fire      0%           100%        5
 Metabolic Englaciation   Hex/Ice        0%           100%        5
 Yara's Violent Unravell  Hex/Tmut       0%           100%        5
 Freezing Cloud           Conj/Ice/Air   0%           100%        6


Dungeon Overview and Level Annotations

Branches:
Dungeon (11/15)            Temple (1/1) D:6            Lair (4/6) D:9
  Swamp (0/4) Lair:3       Spider (0/4) Lair:3          Orc (0/2) D:9
  Sewer (visited)

Altars:
Ashenzari
Cheibriados
Dithmenos
Elyvilon
Fedhas
Gozag
Hepliaklqana
Kikubaaqudgha
Makhleb
Nemelex Xobeh
Okawaru
Qazlal
Ru
Sif Muna
Trog
Uskayaw
Vehumet
Wu Jian
Xom
Yredelemnul
Zin
The Shining One

Shops:
D:5 (   D:7 ?

Annotations:
D:5 exclusion: oklob plant


Innate Abilities, Weirdness & Mutations

You are resistant to torment.
Your stone body is resilient. (AC +9)
You are immune to poison.
You resist negative energy. (rN+)
You are resistant to electric shocks. (rElec)
You can survive without breathing.
You are immune to petrification.
You are immune to miasma.


Message History

You block the boulder beetle's attack.
You sock the boulder beetle!
The boulder beetle is almost dead.
The boulder beetle bites you but does no damage.
You hit the boulder beetle but do no damage.
The boulder beetle is almost dead.
The boulder beetle leaps!
The boulder beetle leaps!
You start resting.
A boulder beetle is nearby!
The boulder beetle leaps!
You start resting.
A boulder beetle is nearby!
A boulder beetle is nearby!
The boulder beetle waves its antennae.
The boulder beetle leaps!
The boulder beetle curls into a ball and begins rolling!
The boulder beetle hits you!!!
Ouch! That really hurt!
You die...

.(............P
...............
.......(.......
.............. ..
.....°...$. . #..#
#....○.. ..
###..####††○#
...##......P#..B##
...#P......##...@#
............#...##
.. #.............#
...#P......#....##
...##.......'...#
....#..##.P#P...#
...#..P.#.P.........
....................
.................>..


You could see a boulder beetle.

Vanquished Creatures
  8 hydras
  A boulder beetle (Lair:4)
  A catoblepas (Lair:4)
  Urug (D:10)
  An unseen horror (D:10)
  4 orc knights (D:9)
  Pikel (D:5)
  3 black mambas
  Joseph (Lair:1)
  Maggie (Lair:2)
  2 rime drakes
  6 cane toads
  5 komodo dragons
  2 trolls
  2 polar bears
  15 blink frogs
  A hornet (D:8)
  2 wyverns
  Sigmund (D:2)
  A vampire (D:10)
  Eustachio (D:6)
  2 basilisks
  25 yaks
  A steam dragon (Lair:2)
  Edmund (D:6)
  3 swamp worms (Lair:3)
  Menkaure (D:4)
  17 wargs
  8 water moccasins
  8 orc warriors
  A black bear (D:9)
  3 sky beasts
  7 ogres
  3 phantoms
  9 wolves
  4 centaurs
  A lemure (D:5)
  A big kobold (D:7)
  6 bullfrogs
  A water moccasin zombie (D:8)
  A scorpion (D:6)
  3 wights (D:6)
  4 howler monkeys
  A quasit (D:5)
  2 jellies (D:8)
  5 orc wizards
  4 hounds
  3 orc priests
  2 centaur skeletons
  3 iguanas
  Ijyb (D:5)
  4 worker ants
  A killer bee zombie (D:10)
  A hound zombie (D:8)
  A hound skeleton (D:10)
  Robin (D:2)
  22 adders
  11 gnolls
  9 river rats
  A shadow imp (D:9)
  3 white imps
  2 ufetubi
  An adder zombie (D:7)
  An ooze (Sewer)
  2 adder skeletons (D:4)
  3 worms
  3 dart slugs
  6 leopard geckos
  50 orcs
  7 giant cockroaches
  9 goblins
  12 hobgoblins
  6 jackals
  2 quokkas
  18 ball pythons
  A ball python skeleton (D:4)
  3 bats (D:1)
  9 frilled lizards
  14 kobolds
  2 leopard gecko skeletons
  24 rats
420 creatures vanquished.

Vanquished Creatures (others)
  2 fungi
  3 plants
5 creatures vanquished.

Grand Total: 425 creatures vanquished

Notes
Turn   | Place    | Note
-------+----------+-------------------------------------------
     0 | D:1      | Bergy the Gargoyle Fighter began the quest for the Orb.
     0 | D:1      | Reached XP level 1. HP: 14/14 MP: 1/1
    58 | D:1      | Reached XP level 2. HP: 8/19 MP: 2/2
   508 | D:1      | Reached XP level 3. HP: 23/23 MP: 3/3
  1009 | D:2      | Found a glowing silver altar of Zin.
  1042 | D:2      | Reached XP level 4. HP: 25/28 MP: 4/4
  1128 | D:2      | Noticed Sigmund
  1705 | D:2      | Noticed Robin
  1734 | D:2      | Killed Robin
  1854 | D:2      | Killed Sigmund
  1855 | D:2      | Reached XP level 5. HP: 12/32 MP: 5/5
  1855 | D:2      | Reached XP level 6. HP: 13/37 MP: 6/6
  2818 | D:3      | Found a glowing drain.
  2870 | Sewer    | Entered a sewer
  3361 | Sewer    | Reached XP level 7. HP: 34/41 MP: 7/7
  4164 | D:3      | Found a blossoming altar of Fedhas.
  5376 | D:4      | Found a basalt altar of Yredelemnul.
  5453 | D:4      | Noticed Menkaure
  5465 | D:4      | Killed Menkaure
  5466 | D:4      | Reached XP level 8. HP: 11/46 MP: 8/8
  5698 | D:5      | Entered Level 5 of the Dungeon
  5773 | D:5      | Found a sparkling altar of Nemelex Xobeh.
  5797 | D:5      | Found a blossoming altar of Fedhas.
  5811 | D:5      | Noticed an oklob plant
  5951 | D:5      | Reached skill level 10 in Maces & Flails
  6748 | D:5      | Noticed Ijyb
  6767 | D:5      | Killed Ijyb
  6850 | D:5      | Found Disut's Weapon Shop.
  7042 | D:6      | Noticed Pikel
  7101 | D:5      | Killed Pikel
  7102 | D:5      | Reached XP level 9. HP: 46/51 MP: 9/9
  7508 | D:6      | Found a staircase to the Ecumenical Temple.
  7700 | D:6      | Noticed Edmund
  7715 | D:6      | Killed Edmund
  7821 | Temple   | Entered the Ecumenical Temple
  7827 | Temple   | Became a worshipper of Makhleb the Destroyer
  8045 | D:6      | Found a radiant altar of Vehumet.
  8272 | D:6      | Noticed Eustachio
  8306 | D:6      | Killed Eustachio
  8777 | D:7      | Found an ancient bone altar of Kikubaaqudgha.
  8778 | D:7      | Found a glowing golden altar of the Shining One.
  8946 | D:7      | Reached XP level 10. HP: 55/56 MP: 10/10
  9071 | D:7      | Found Paorgha Yroyl's Magic Scroll Shop.
  9080 | D:7      | Bought a scroll of enchant armour for 97 gold pieces
  9391 | D:7      | Reached * piety under Makhleb
  9645 | D:8      | Found a white marble altar of Elyvilon.
 10317 | D:9      | Reached skill level 5 in Shields
 10379 | D:9      | Reached skill level 5 in Armour
 10470 | D:9      | Reached ** piety under Makhleb
 10631 | D:10     | Entered Level 10 of the Dungeon
 10641 | D:10     | Reached skill level 5 in Fighting
 10641 | D:10     | Reached XP level 11. HP: 63/63 MP: 11/11
 10884 | D:9      | Found a staircase to the Orcish Mines.
 11054 | D:9      | Noticed an orc knight
 11102 | D:9      | Killed an orc knight
 11443 | D:9      | Noticed an orc knight
 11468 | D:9      | Killed an orc knight
 11472 | D:9      | Reached *** piety under Makhleb
 11593 | D:9      | Noticed an orc knight
 11648 | D:9      | Killed an orc knight
 11923 | D:9      | Noticed an orc knight
 11939 | D:9      | Killed an orc knight
 12140 | D:9      | Found a staircase to the Lair.
 12936 | D:10     | Killed an unseen horror
 13007 | D:10     | Noticed Urug
 13067 | D:10     | Killed Urug
 13456 | D:11     | Noticed a cyclops
 13456 | D:11     | Noticed a boulder beetle
 13508 | Lair:1   | Entered Level 1 of the Lair of Beasts
 13512 | Lair:1   | Noticed Joseph
 13559 | Lair:1   | Killed Joseph
 13663 | Lair:1   | Reached XP level 12. HP: 43/71 MP: 12/12
 13985 | Lair:1   | Reached skill level 10 in Shields
 14218 | Lair:1   | Reached **** piety under Makhleb
 14827 | Lair:2   | Noticed a four-headed hydra
 14840 | Lair:2   | Killed a four-headed hydra
 15024 | Lair:2   | Identified the Incunabulum of the Snowflakes
 15094 | Lair:2   | Noticed a seven-headed hydra
 15114 | Lair:2   | Killed a seven-headed hydra
 15891 | Lair:2   | Noticed Maggie
 15908 | Lair:2   | Killed Maggie
 16154 | Lair:2   | Noticed a four-headed hydra
 16170 | Lair:2   | Killed a four-headed hydra
 16476 | Lair:3   | Reached XP level 13. HP: 78/78 MP: 13/13
 16713 | Lair:3   | Reached skill level 10 in Armour
 16868 | Lair:3   | Found a staircase to the Swamp.
 17457 | Lair:3   | Found a hole to the Spider Nest.
 18503 | Lair:4   | Demolished by a boulder beetle

Illustrated notes

Levels and vault maps discovered:
D:1:      eino_arrival_water_cross, layout_rooms
D:2:      layout_loops_ring, zin_scriptorium, minmay_snake_closets, uniq_robin,
          uniq_sigmund
D:3:      layout_loops_ring, nicolae_overflow_hidden_temple,
          portal_sewer_entry_c
D:4:      layout_cave_pools, old_standard_altar, uniq_menkaure
D:5:      layout_loops_ring, kennysheep_mini_moat, serial_shops, shop_statue,
          tgw_fedhas, uniq_ijyb
D:6:      layout_basic, lemuel_coloured_pillars_altar,
          minmay_temple_entry_ruins, uniq_eustachio, uniq_pikel, uniq_edmund
D:7:      layout_loops_ring, chequers_temple_overflow_statue_of_worship,
          serial_shops, nicolae_shop_temple_entry_statues_fountains
D:8:      layout_cave_pools, lemuel_doored_altar
D:9:      lemuel_castle_with_subvaults [lemuel_castle_interior_carwin_2],
          layout_stronghold, lair_entry_dummy, david_orc_2
D:10:     layout_loops_ring, uniq_urug
D:11:     layout_gridville
Temple:   zaba_magenta_temple
Lair:1:   layout_chaotic_city, grunt_megastairs_4, lemuel_fruit_fields,
          uniq_joseph
Lair:2:   nzn_winding_woodlands_three_and_one
          [nzn_winding_woodlands_5x15_crooked,
          nzn_winding_woodlands_5x15_lazy_stream,
          nzn_winding_woodlands_5x15_concentric,
          nzn_winding_woodlands_center_lodge], layout_cave_pods, uniq_maggie
Lair:3:   layout_long_grid, palyth_hydra_swamp_entry, dummy_spider_entry,
          small_statue_intersection
Lair:4:   layout_regular_city, lemuel_fruit_tree

Skill      XL: |  1  2  3  4  5  6  7  8  9 10 11 12 13 |
---------------+----------------------------------------+-----
Maces & Flails | 3 4 6 7 9 11 13 14 | 14.0
Shields        | 6 9 13 14 | 14.9
Armour         | 5 8 9 10 | 10.0
Fighting       | 5 6 7 8 |  8.9

Action                   |  1- 3 |  4- 6 |  7- 9 | 10-12 | 13-15 || total
-------------------------+-------+-------+-------+-------+-------++-------
Melee: Flail             |   122 |   293 |   242 |  1099 |   362 ||  2118
       Morningstar       |       |       |   282 |       |       ||   282
       Whip              |       |       |    53 |       |       ||    53
  Use: Potion            |       |     3 |     6 |     6 |     1 ||    16
       Scroll            |       |       |     4 |     7 |     3 ||    14
Armor: Scale mail        |    63 |   193 |   302 |    75 |       ||   633
       Plate armour      |       |       |       |   358 |   171 ||   529
Dodge: Dodged            |    30 |    86 |   169 |   176 |    77 ||   538
Block: Kite shield       |    56 |   174 |   288 |   787 |   319 ||  1624
       Reflection        |       |       |       |    18 |       ||    18
